 Dungeon Crawl Stone Soup version 0.31.0-32-g396128a36d (webtiles) character file.

Game seed: 5223875090168486557

3444 Cheops the Mimic (level 10, -5/66 HPs)
             Began as an Octopode Shapeshifter on Mar 7, 2024.
             Slain by a +3 glaive of freezing (12 damage)
             ... created by the rancor of the Wu Jian Council
             ... on level 7 of the Dungeon on Mar 8, 2024.
             The game lasted 00:31:04 (12933 turns).

Cheops the Mimic (Octopode Shapeshifter)           Turns: 12933, Time: 00:31:04

Health: -5/66      AC:  1    Str: 19    XL:     10   Next: 5%
Magic:  0/10       EV: 17    Int: 12    God:
Gold:   460        SH:  0    Dex: 11    Spells: 9/9 levels left

rFire   + +          .
                       - Unarmed
rCold   . . .        (shield currently unavailable)
rNeg    + . .        (helmet restricted)
rPois   .            u - amulet of guardian spirit
rElec   .            h - ring of positive energy
rCorr   +            j - ring of protection from fire
SInv    .            y - ring of resist corrosion
Will    .....        H - ring of protection from fire
Stlth   +            (no ring)
HPRegen 0.31/turn    (no ring)
MPRegen 0.12/turn    (no ring)
                     (no ring)

%: guardian spirit
@: about to teleport, flux-form, spiked, glowing, invisible (but backlit and
visible)
A: glow, contaminating, almost no armour, amphibious, 8 rings, camouflage 1,
gelatinous body 1, (nimble swimmer 1), tentacles
a: Begin Untransformation


You were on level 7 of the Dungeon.
You were something dangerously unstable.
You visited 2 branches of the dungeon, and saw 10 of its levels.

You collected 460 gold pieces.

Inventory:

Hand Weapons
 e - the +1 hand axe of the Warrior {freeze, *Noise rF++}
   (You found it on level 4 of the Dungeon)

   rF++:      It greatly protects you from fire.
   *Noise:    It may make a loud noise when swung.
 q - a +0 falchion of flaming
Magical Staves
 x - a staff of conjuration
Jewellery
 h - a ring of positive energy (left tentacle)
 j - a ring of protection from fire (right tentacle)
 u - an amulet of guardian spirit (around mantle)
 y - a ring of resist corrosion (on tentacle)
 H - a ring of protection from fire (on tentacle)
Talismans
 b - a beast talisman
 c - a flux talisman (active)
 d - a granite talisman
Wands
 E - a wand of flame (12)
 I - a wand of roots (6)
Scrolls
 a - a scroll of blinking {unknown}
 f - a scroll of brand weapon {unknown}
 k - a scroll of amnesia {unknown}
 l - 2 scrolls of fear {unknown}
 m - 2 scrolls of enchant weapon {unknown}
 o - 2 scrolls of teleportation
 p - a scroll of enchant armour {unknown}
 w - a scroll of revelation {unknown}
 B - a scroll of noise {unknown}
 C - 2 scrolls of butterflies {unknown}
 D - 2 scrolls of fog {unknown}
 F - a scroll of poison {unknown}
Potions
 g - 3 potions of enlightenment
 n - a potion of curing
 r - a potion of invisibility
 s - a potion of brilliance {unknown}
 t - 2 potions of might
 v - 3 potions of magic
 z - a potion of resistance {unknown}


   Skills:
 - Level 5.0 Fighting
 + Level 2.4 Dodging
 - Level 8.0 Unarmed Combat
 - Level 10.3 Shapeshifting


You had 9 spell levels left.
You didn't know any spells.
Your spell library contained the following spells:

 Spells                   Type           Power      Damage    Failure   Level
 Kiss of Death            Conj/Necr      0%         2d5       32%         1
 Slow                     Hex            0%         N/A       32%         1
 Summon Small Mammal      Summ           0%         N/A       32%         1
 Call Canine Familiar     Summ           0%         N/A       69%         3
 Confusing Touch          Hex            0%         N/A       69%         3
 Sigil of Binding         Hex            0%         N/A       69%         3
 Vampiric Draining        Necr           0%         2d6       69%         3
 Dispel Undead            Necr           0%         3d6       97%         4
 Summon Blazeheart Golem  Fire/Summ      0%         N/A       97%         4


Dungeon Overview and Level Annotations

Branches:
Dungeon (9/15)             Temple (1/1) D:7            Lair (0/5) D:8
    Orc: D:9-12

Altars:
Ashenzari
Cheibriados
Dithmenos
Elyvilon
Fedhas
Gozag
Hepliaklqana
Kikubaaqudgha
Makhleb
Nemelex Xobeh
Okawaru
Qazlal
Ru
Sif Muna
Trog
Uskayaw
Vehumet
Wu Jian
Xom
Yredelemnul
Zin
The Shining One

Shops:
D:2 (=!*:   D:4 *


Innate Abilities, Weirdness & Mutations

You are something dangerously unstable.
You glow with magical radiation, making you easy to see and hit.
Foes you strike become dangerously contaminated with magical radiation.
You are incapable of wielding weapons or throwing items.
You cannot wear most types of armour.
You are amphibious.
You can wear up to eight rings at the same time.
Your skin changes colour to match your surroundings (Stealth+).
Your rubbery body absorbs attacks. (AC +1, EV +1)
((You are camouflaged when in or above water. (Stealth+)))
You have tentacles for arms and can constrict up to eight enemies at once.


Message History

* * * LOW HITPOINT WARNING * * *
You completely miss the +0 dire flail of freezing.
The +0 dire flail of freezing is almost destroyed.
You constrict the +0 dire flail of freezing.
Unknown command.
Unknown command.
You tentacle-slap the +0 dire flail of freezing.
You destroy the +0 dire flail of freezing!
That felt strangely unrewarding.
Your extra speed is starting to run out.
You start resting.
You feel yourself slow down.
You start resting.
You are no longer corroded.
There is a stone staircase leading down here.
You start resting.
Sifu Gene Jian Bin says: Die by a thousand cuts!
A +3 glaive of freezing, a +4 heavy dire flail, a +1 broad axe of electrocution and a +1 rapier of freezing come into view.
As you read the scroll labelled UTSOUJ FECO, it crumbles to dust.
You feel strangely unstable.
It was a scroll of teleportation.
Okay, then.
Unknown command.
You closely miss the +4 heavy dire flail.
Your grab misses the +4 heavy dire flail.
Unknown command.
You bludgeon the +4 heavy dire flail!
The +4 heavy dire flail begins to glow.
Your grab misses the +4 heavy dire flail.
The +4 heavy dire flail is heavily damaged.
The +4 heavy dire flail hits you!
* * * LOW HITPOINT WARNING * * *
The +1 broad axe of electrocution hits you!
* * * LOW HITPOINT WARNING * * *
Unknown command.
Unknown command.
Unknown command.
Unknown command.
It was a potion of invisibility.
You become transparent, but the glow from your form prevents you from becoming completely invisible.
The +3 glaive of freezing hits you from afar!
You die...

###...##
#..########.##.##.####
###.....#
#........##.#...#.....
#......##
##.######.#[...########
.....###
#.........[....# ...###
#########)#).#.# ..##
#.#..#.##♣♣ ..#
#.#.)#....♣♣ ♣ ..#
#########.#......♣.♣♣♣♣
.##
#...((p((.#..#....P.♣..
.#
###########..##....♣.♣♣
#### #....##♣♣♣♣♣ ...#
##.### #### #...# #
#.### # ###


You could see 4 dancing weapons.

Vanquished Creatures
  A komodo dragon (D:8)
  A dancing weapon (D:7)
  A wyvern (D:8)
  Eustachio (D:4)
  A steam dragon (D:8)
  Edmund (D:4)
  Menkaure (D:7)
  4 black bears
  A sky beast (D:7)
  3 centaurs
  A phantom (D:7)
  4 bullfrogs
  4 scorpions
  4 wights
  8 killer bees (D:8)
  2 howler monkeys
  5 hounds
  2 jellies
  Crazy Yiuf (D:7)
  2 bombardier beetles
  An orc priest (D:7)
  A sleepcap (D:7)
  2 orc wizards (D:7)
  Robin (D:3)
  8 adders
  3 gnolls (D:7)
  5 dart slugs
  2 ribbon worms
  13 orcs
  6 ball pythons
  10 endoplasms
  3 giant cockroaches (D:2)
  16 goblins
  6 hobgoblins
  5 jackals (D:2)
  4 quokkas
  2 bats
  3 frilled lizards
  10 kobolds
  3 rats (D:1)
152 creatures vanquished.

Notes
Turn   | Place    | Note
-------+----------+-------------------------------------------
     0 | D:1      | Cheops the Octopode Shapeshifter began the quest for the
                  | Orb.
     0 | D:1      | Reached XP level 1. HP: 13/13 MP: 1/1
   293 | D:1      | Reached XP level 2. HP: 16/18 MP: 2/2
   897 | D:2      | Reached XP level 3. HP: 23/23 MP: 3/3
  1027 | D:2      | Reached XP level 4. HP: 24/28 MP: 4/4
  1057 | D:2      | Found Kaath's Jewellery Shop.
  1105 | D:2      | Found Upowakly's Book Emporium.
  1168 | D:2      | Reached skill level 5 in Unarmed Combat
  1262 | D:2      | Found Ischoj's Assorted Antiques.
  1348 | D:2      | Found Cucloilepa's Distillery.
  1452 | D:2      | Found Jewunnunt's Weapon Boutique.
  1912 | D:3      | Reached XP level 5. HP: 31/33 MP: 5/5
  2031 | D:3      | Noticed Robin
  2034 | D:3      | Reached skill level 4 in Shapeshifting
  2043 | D:3      | Killed Robin
  2592 | D:4      | Identified the +1 hand axe of the Warrior {freeze, *Noise
                  | rF++}
  2613 | D:4      | Noticed a black bear
  2654 | D:4      | Noticed Edmund
  2752 | D:4      | Reached XP level 6. HP: 28/38 MP: 6/6
  2861 | D:4      | Noticed a black bear
  2864 | D:4      | Reached skill level 5 in Shapeshifting
  2873 | D:4      | Killed a black bear
  2882 | D:4      | Noticed Eustachio
  2917 | D:4      | Reached XP level 7. HP: 39/43 MP: 7/7
  2949 | D:4      | Reached skill level 6 in Shapeshifting
  2978 | D:4      | Killed Eustachio
  3102 | D:4      | Found Hyit Lio's Mass Market.
  3108 | D:4      | Reached skill level 7 in Shapeshifting
  3347 | D:4      | Killed Edmund
  3348 | D:4      | Reached XP level 8. HP: 33/52 MP: 8/8
  3479 | D:5      | Entered Level 5 of the Dungeon
  3700 | D:5      | Reached skill level 5 in Fighting
  4299 | D:6      | Found a sacrificial altar of Ru.
  4859 | D:7      | Found a snail-covered altar of Cheibriados.
  4913 | D:7      | Found a staircase to the Ecumenical Temple.
  5128 | D:7      | Reached XP level 9. HP: 61/61 MP: 9/9
  5671 | D:7      | Reached skill level 8 in Shapeshifting
  5923 | D:7      | Noticed Menkaure
  5936 | D:7      | Killed Menkaure
  6049 | D:7      | Found a runed translucent door.
  6050 | D:7      | Noticed Crazy Yiuf
  6400 | D:7      | Killed Crazy Yiuf
  6406 | D:7      | Upgraded the game from 0.31.0-12-g77e489cdc1 to
                  | 0.31.0-32-g396128a36d
  6537 | Temple   | Entered the Ecumenical Temple
  6548 | Temple   | Became a worshipper of the Wu Jian Council
  6847 | D:8      | Reached skill level 9 in Shapeshifting
  7039 | D:8      | Found a staircase to the Lair.
  7039 | D:8      | Noticed a komodo dragon
  7090 | D:8      | Killed a komodo dragon
  7180 | D:8      | Reached skill level 10 in Shapeshifting
  7238 | D:8      | Reached XP level 10. HP: 11/66 MP: 2/10
  8842 | D:2      | Found Kaath's Jewellery Shop.
  8939 | D:2      | Found Upowakly's Book Emporium.
  9064 | D:2      | Found Ischoj's Assorted Antiques.
  9074 | D:2      | Found Cucloilepa's Distillery.
  9393 | D:2      | Found Jewunnunt's Weapon Boutique.
 10202 | D:4      | Found Hyit Lio's Mass Market.
 11194 | D:6      | Found a sacrificial altar of Ru.
 11381 | D:7      | Found a staircase to the Ecumenical Temple.
 11420 | D:7      | Found a snail-covered altar of Cheibriados.
 12466 | D:8      | Fell from the grace of Wu Jian
 12541 | D:8      | Found a staircase to the Lair.
 12933 | D:7      | Slain by a +3 glaive of freezing

Illustrated notes

Levels and vault maps discovered:
D:1:      dpeg_arrival_renting, layout_loops_ring, minivault_27,
          nicolae_concentric_dashed_squares_wild, minmay_misc_feat_chi,
          bh_walls_and_bars
D:2:      layout_loops_corners, serial_shops, shop,
          nicolae_shop_bloodbath_and_beyond, shop_fountains, shop,
          nicolae_shop_statue_plus, minmay_pentomino_r4
D:3:      layout_basic, uniq_robin
D:4:      layout_cave_pools, chequers_mini_garden, minmay_shop_mass,
          uniq_edmund, uniq_eustachio
D:5:      layout_basic
D:6:      layout_basic, mainiacjoe_overflow_24_doors
D:7:      layout_basic, mainiacjoe_overflow_tiny_flanked,
          minmay_temple_entry_mist, serial_curves, eino_curves_04,
          eino_curves_04, eino_curves_02, uniq_menkaure, uniq_crazy_yiuf_cottage
D:8:      layout_gridville, david_lair_shrubbed
D:9:      layout_rooms, chequers_serial_rivers_small_3, st_stairs_2
Temple:   nicolae_temple_slightly_damp_pantheon

Skill      XL: |  1  2  3  4  5  6  7  8  9 |
---------------+----------------------------+-----
Unarmed Combat | 4 5 7 8 |  8.0
Shapeshifting  | 4 5 7 10 | 10.3
Fighting       | 3 5 |  5.0
Dodging        | |  2.4

Action                     |  1- 3 |  4- 6 |  7- 9 | 10-12 || total
---------------------------+-------+-------+-------+-------++-------
  Melee: Unarmed           |    42 |    94 |   199 |    30 ||   365
         Constrict         |     7 |    30 |    47 |     6 ||    90
         Tentacles         |     3 |    26 |    53 |     6 ||    88
         Punch             |     1 |     2 |       |       ||     3
Ability: Begin Untransform |     1 |       |       |     2 ||     3
         Lunge             |       |       |     3 |     1 ||     4
  Evoke: Wand              |       |       |     4 |       ||     4
    Use: Scroll            |       |     4 |     3 |     1 ||     8
         Potion            |       |       |     2 |     4 ||     6
   Stab: Sleeping          |     8 |     7 |     1 |       ||    16
 Armour: Skin              |    17 |    25 |    98 |    40 ||   180
  Dodge: Dodged            |    11 |    51 |   167 |    22 ||   251
   Form: Beast             |     1 |       |       |     1 ||     2
         Flux              |       |       |     2 |     1 ||     3
         Statue            |       |       |     1 |     1 ||     2
